Map: 2000 Atmospheres LE

Players

Warthog - Winner!

  • Race: Terran Terran
  • League: Diamond
  • Spawn Location: 3:00

DonkeyBallz

  • Race: Zerg Zerg
  • League: Diamond
  • Spawn Location: 7:00

VOD

Have the link to the VOD?

Description

Time

  • Played on: Nov. 23, 2021, 6:53 p.m.
  • Length: 6:21
Show
View Real Time Build Order
Export as new Build Order

Warthog Terran - Winner!

Build Orders: Liberator Opening, Reaper Expand 

Get SALT Encoding   

  12  0:01  SCV  
  13  0:13  SCV  
  14  0:18  Supply Depot  
  14  0:25  SCV  
  15  0:39  SCV  
  15  0:40  Barracks  
  16  0:44  Refinery  
  16  0:51  SCV  
  17  1:03  SCV  
  18  1:15  SCV  
  19  1:28  Orbital Command  
  19  1:29  Reaper  
  20  1:40  Command Center  
  20  1:51  Supply Depot  
  20  1:54  SCV  
  20  2:01  Marine  
  22  2:07  SCV  
  23  2:15  Refinery  
  23  2:16  Factory  
  23  2:19  SCV  
  23  2:22  Barracks Reactor  
  24  2:31  SCV  
  25  2:44  SCV  
  26  2:56  SCV, Orbital Command  
  27  3:02  Starport  
  27  3:08  Barracks Tech Lab  
  27  3:09  Hellion x2  
  27  3:10  SCV  
  32  3:23  SCV x2  
  34  3:28  Marine  
  34  3:29  Stimpack  
  34  3:30  Hellion x2  
  39  3:35  SCV x2  
  41  3:42  Liberator  
  41  3:44  Supply Depot  
  41  3:47  SCV  
  41  3:48  SCV  
  46  3:52  Supply Depot  
  46  4:05  SCV x2  
  46  4:06  Hellion x2  
  52  4:15  Bunker  
  52  4:17  SCV  
  53  4:27  Hellion x2  
  53  4:28  SCV  
  53  4:31  SCV  
  53  4:40  SCV  
  54  4:48  Hellion x2  
  54  4:49  SCV  
  54  4:52  SCV  
  60  5:01  SCV  
  60  5:04  SCV  
  62  5:10  Command Center  
  62  5:14  SCV  
  62  5:27  Command Center  
  62  5:29  Supply Depot  
  62  5:30  Supply Depot x2  
  62  5:33  SCV  
  62  5:34  Hellion  
  65  5:37  Starport Reactor  
  65  5:43  SCV  
  65  5:44  Barracks  
  65  5:45  SCV  
  65  5:47  Barracks  
  67  5:52  Engineering Bay x2  
  67  6:05  SCV  
Show
View Real Time Build Order
Export as new Build Order

DonkeyBallz Zerg 

Build Orders: Hatch First 

Get SALT Encoding   

  12  0:04  Drone  
  13  0:14  Overlord  
  13  0:18  Drone  
  14  0:32  Drone x2  
  16  0:51  Hatchery  
  16  0:55  Drone  
  16  1:01  Drone, Extractor  
  16  1:14  Spawning Pool  
  16  1:17  Drone  
  16  1:20  Drone  
  16  1:24  Drone  
  18  1:31  Drone  
  19  1:41  Drone  
  20  1:52  Overlord  
  20  2:03  Queen  
  20  2:04  Queen  
  20  2:07  Zergling x4  
  26  2:12  Metabolic Boost  
  26  2:16  Drone  
  26  2:20  Drone  
  28  2:24  Drone  
  28  2:27  Drone  
  30  2:51  Zergling x2  
  30  2:52  Zergling x4  
  32  3:13  Hatchery  
  32  3:15  Baneling Nest  
  32  3:17  Zergling x12  
  36  3:24  Overlord  
  36  3:34  Overlord  
  36  3:43  Zergling x10  
  41  3:51  Zergling x6  
  43  4:05  Zergling x2  
  43  4:06  Zergling x8  
  41  4:27  Zergling x16  
  41  4:37  Zergling x2  
  41  4:38  Zergling x4  
  43  4:41  Baneling  
  43  4:42  Baneling x3  
  42  4:45  Zergling x2  
  42  4:50  Zergling x4  
  45  4:56  Zergling x4  
  36  5:22  Zergling x8  
  36  5:23  Zergling x8  
  36  5:25  Baneling  
  36  5:26  Baneling x3  
  36  5:27  Baneling  
  44  5:29  Baneling  
  44  5:38  Zergling x2  
  44  5:39  Zergling x4  
  47  5:46  Zergling x4  
  47  5:47  Zergling x2  
  50  5:54  Zergling x4  
Tags
 
Add a new tag
Caveats
  • Supply blocks, unpowered buildings, or Contaminate may cause inaccurate times.
  • Supply counts are checked every 10 seconds.